 Dungeon Crawl Stone Soup version 0.29.0-13-gc9e81de378 (webtiles) character file.

Game seed: 16855321133818057805

8 Artool the Cudgeller (level 2, 14/22 HPs)
             Began as a Demonspawn Gladiator on Sept 8, 2022.
             Quit the game on level 1 of the Dungeon.
             The game lasted 00:00:22 (86 turns).

Artool the Cudgeller (Demonspawn Gladiator)           Turns: 86, Time: 00:00:23

Health: 14/22      AC:  4    Str: 14    XL:     2   Next: 0%
Magic:  2/2        EV: 12    Int:  9    God:
Gold:   12         SH:  0    Dex: 14    Spells: 1/1 levels left

rFire   . . .      SeeInvis .   a - +0 flail
rCold   . . .      Faith    .   (no shield)
rNeg    . . .      Spirit   .   b - +0 leather armour
rPois   .          Reflect  .   c - +0 helmet
rElec   .          Harm     .   (no cloak)
rCorr   .          Rampage  .   (no gloves)
Will    .....                   (no boots)
Stlth   +.........              (no amulet)
HPRegen 0.07/turn               (no ring)
MPRegen 0.08/turn               (no ring)

@: no status effects
A: demonic magic 1
a: no special abilities


You were on level 1 of the Dungeon.
You visited 1 branch of the dungeon, and saw 1 of its levels.

You collected 12 gold pieces.

Inventory:

Hand Weapons
 a - a +0 flail (weapon)
Missiles
 d - 3 throwing nets (quivered)
 e - a javelin
Armour
 b - a +0 leather armour (worn)
 c - a +0 helmet (worn)


   Skills:
 + Level 2.2 Fighting
 + Level 2.8 Maces & Flails
 - Level 1.7 Throwing
 + Level 0.4 Armour
 + Level 2.8 Dodging


You had one spell level left.
You didn't know any spells.
Your spell library was empty.

Dungeon Overview and Level Annotations

Branches:
Dungeon (1/15)

Altars:


Innate Abilities, Weirdness & Mutations

Spells you cast may paralyse adjacent enemies.


Message History

A kobold comes into view. It is wielding a +0 whip.
A frilled lizard comes into view.
The kobold shouts!
The frilled lizard hisses angrily.
You hear a shout!
An endoplasm comes into view.
The kobold throws a stone.
The stone barely misses you.
You closely miss the giant cockroach.
The endoplasm quivers.
The giant cockroach bites you but does no damage.
The giant cockroach closely misses you.
You hit the giant cockroach.
You kill the giant cockroach!
The frilled lizard closely misses you.
You see here a giant cockroach corpse.
You sock the frilled lizard!
You kill the frilled lizard!
The endoplasm closely misses you. The kobold closely misses you.
A kobold comes into view. It is wielding a +0 short sword.
You sock the endoplasm!
You kill the endoplasm!
The kobold hits you but does no damage.
You completely miss the kobold. The kobold misses you.
You barely miss the kobold. The kobold closely misses you.
You hit the kobold.
You kill the kobold!
The kobold hits you with a +0 short sword.
Things that are here:
a +0 whip; 2 stones; a kobold corpse You hit the kobold.
The kobold is moderately wounded.
The kobold closely misses you.
You miss the kobold.
The kobold is moderately wounded.
The kobold hits you with a +0 short sword.
You hit the kobold.
You kill the kobold!
A jackal comes into view.
You have reached level 2!
Your demonic ancestry asserts itself...
A menacing aura infuses your magic.
Are you sure you want to abandon this character and quit the game? (Confirm with "yes".)

......##.... .#..#.##...
.# .......#..####### #.#
#....#.#........####..#.
..##...#....#...........
.####..#....#...........
.+><'..'................
.####..#.......††.......
..##...#...#...#@..##..
#....#.#...#....)...#
(......#.............#
.#..#.##.............#
......##....#.)......#
#....###....#.#......#
##++## #....#...h.....
...........


You could see a jackal (wandering).

Vanquished Creatures
  An endoplasm (D:1)
  2 giant cockroaches (D:1)
  2 kobolds (D:1)
  A bat (D:1)
  A frilled lizard (D:1)
  A rat (D:1)
8 creatures vanquished.

Notes
Turn   | Place    | Note
-------+----------+-------------------------------------------
     0 | D:1      | Artool the Demonspawn Gladiator began the quest for the
                  | Orb.
     0 | D:1      | Reached XP level 1. HP: 16/16 MP: 1/1
    86 | D:1      | Gained mutation: Spells you cast may paralyse adjacent
                  | enemies. [demonic ancestry]
    86 | D:1      | Reached XP level 2. HP: 14/22 MP: 2/2
    86 | D:1      | Quit the game

Illustrated notes

Levels and vault maps discovered:
D:1:      dpeg_arrival_refuge, layout_rooms

Action                   || total
-------------------------++-------
Melee: Flail             ||    14
Armor: Leather armour    ||     3
Dodge: Dodged            ||    11
